 Dungeon Crawl Stone Soup version 0.17.1-3-g152610e (webtiles) character file.

48 Gargoyl the Unweaver (level 3, -15/29 HPs)
             Began as a Demonspawn Abyssal Knight on Apr 4, 2016.
             Was a Follower of Lugonu.
             Demolished by a gnoll
             ... wielding a +2 whip of electrocution
              (19 damage)
             ... on level 2 of the Dungeon.
             The game lasted 00:05:13 (2072 turns).

Gargoyl the Unweaver (Demonspawn Abyssal Knight)    Turns: 2072, Time: 00:05:14

Health: -15/29     AC:  3    Str: 13    XL:     3   Next: 50%
Magic:  5/5        EV: 11    Int: 13    God:    Lugonu [*.....]
Gold:   66         SH:  0    Dex: 12    Spells: 0 memorised, 2 levels left

rFire  . . .     SeeInvis .     a - +1 hand axe
rCold  . . .     Clarity  .     b - +0 leather armour
rNeg   . . .     SustAt   .     (no shield)
rPois  .         Gourm    .     (no helmet)
rElec  .         Spirit   .     (no cloak)
rCorr  .         Warding  .     (no gloves)
rMut   .         Stasis   .     (no boots)
MR     .....                    (no amulet)
Stlth  ++........               i - ring of stealth
                                e - ring of flight

@: not resistant to hostile enchantments, unstealthy
A: hooves 1
a: Depart the Abyss, Renounce Religion, Evoke Flight


You were on level 2 of the Dungeon.
You worshipped Lugonu.
Lugonu was aware of your devotion.
You were hungry.

You visited 1 branch of the dungeon, and saw 2 of its levels.
You visited the Abyss 1 time.

You collected 66 gold pieces.

Inventory:

Hand Weapons
 a - a +1 hand axe (weapon)
 q - a +0 flail
Armour
 b - a +0 leather armour (worn)
Jewellery
 e - a ring of flight (left hand)
 i - a ring of stealth (right hand)
Scrolls
 d - 3 scrolls of identify {unknown}
 f - a scroll of immolation {unknown}
 h - a scroll of fear {unknown}
 m - a scroll of teleportation {unknown}
 o - a scroll of amnesia {unknown}
Potions
 j - a potion of might {unknown}
 k - a potion of resistance {unknown}
 l - a potion of curing {unknown}
 n - a potion of brilliance {unknown}
Comestibles
 c - 3 bread rations
 g - 3 meat rations


   Skills:
 + Level 3.4 Fighting
 + Level 2.1 Axes
 + Level 1.9 Armour
 + Level 1.4 Dodging
 + Level 3.5 Invocations


You had 2 spell levels left.
You didn't know any spells.

Dungeon Overview and Level Annotations

Branches:
Dungeon (2/15)

Altars:


Innate Abilities, Weirdness & Mutations

You have large cloven feet.


Message History

The gnoll hits you with a whip of electrocution.
You barely miss the gnoll. You kick the gnoll, but do no damage.
The gnoll is moderately wounded.
The gnoll misses you.
You barely miss the gnoll. You kick the gnoll, but do no damage.
The gnoll is moderately wounded.
The gnoll misses you.
You hit the gnoll.
The gnoll is severely wounded.
The gnoll hits you with a whip of electrocution!
You closely miss the gnoll.
The gnoll is severely wounded.
The gnoll closely misses you. The gnoll misses you.
You hit the gnoll. You kick the gnoll, but do no damage.
The gnoll is severely wounded.
The gnoll hits you with a whip of electrocution!
* * * LOW HITPOINT WARNING * * *
You are electrocuted!
Ouch! That really hurt!
You die...

#.(g....(..# ##########.# #.#
#.# #.# ###.# ###########
#...####
#..)..>...########.#.......
###.#######.(..g@$.....######
............#########.##
###.######............# #.#
#..########>.# #.# #..# #..#
#.#### #..# #..# #....# #..#
#..# ####.# #..# #..#
######.# #..#########.###


You could see a gnoll.

Vanquished Creatures
  2 gnolls (D:2)
  An ooze (D:1)
  A worm (D:2)
  4 goblins
  3 hobgoblins (D:1)
  5 kobolds
  6 bats
  A giant newt (D:1)
  4 rats (D:1)
27 creatures vanquished.

Notes
Turn   | Place    | Note
--------------------------------------------------------------
     0 | Abyss:1  | Gargoyl the Demonspawn Abyssal Knight began the quest for the Orb.
     0 | Abyss:1  | Reached XP level 1. HP: 18/18 MP: 2/2
    83 | Abyss:1  | Noticed a large abomination
    97 | Abyss:1  | Found a corrupted altar of Lugonu.
   163 | Abyss:2  | Noticed a small abomination
   189 | Abyss:2  | Noticed a hell hound
   190 | Abyss:2  | Noticed a hell hound
   190 | Abyss:2  | Noticed a hell hound
   193 | Abyss:2  | Found a corrupted altar of Lugonu.
   241 | Abyss:2  | Noticed a small abomination
   242 | Abyss:2  | Noticed a smoke demon
   243 | D:1      | Escaped the Abyss
   415 | D:1      | Reached skill level 1 in Dodging
   435 | D:1      | Reached * piety under Lugonu
   435 | D:1      | Gained mutation: You have large cloven feet. [demonic ancestry]
   435 | D:1      | Reached XP level 2. HP: 13/24 MP: 4/4
  1254 | D:2      | HP: 1/24 [gnoll/flail (10)]
  1257 | D:2      | Reached XP level 3. HP: 1/29 MP: 5/5
  2072 | D:2      | Demolished by a gnoll

Action                   || total
-------------------------++-------
Melee: Hand axe          ||    98
Invok: Depart the Abyss  ||     1
 Stab: Sleeping          ||     1
  Eat: Chunk             ||     3
